 Dungeon Crawl Stone Soup version 0.22.0-49-gab54619 (webtiles) character file.

6782 beigtais the Thaumaturge (level 10, -9/70 HPs)
             Began as a Demonspawn Wizard on Sept 6, 2018.
             Was an Elder of Vehumet.
             Mangled by an orc warrior
             ... wielding a +1 dire flail of holy wrath
              (15 damage)
             ... on level 11 of the Dungeon.
             The game lasted 02:03:53 (14019 turns).

beigtais the Thaumaturge (Demonspawn Wizard)       Turns: 14019, Time: 02:03:53

Health: -9/70      AC:  6    Str:  9    XL:     10   Next: 76%
Magic:  24/32      EV: 13    Int: 22    God:    Vehumet [****..]
Gold:   629        SH:  0    Dex: 11    Spells: 10/28 levels left

rFire    . . .     SeeInvis .   l - staff of summoning
rCold    + . .     Gourm    .   (no shield)
rNeg     . . .     Faith    .   a - +2 robe
rPois    +         Spirit   .   b - +0 hat
rElec    .         Reflect  .   (no cloak)
rCorr    .         Harm     +   (no gloves)
MR       +....                  (no boots)
Stlth    +++.......             v - amulet of harm
HPRegen  0.21/turn              B - ring of Zaacs {rC+ MR+ Str+2}
MPRegen  0.23/turn              z - ring of magical power

@: no status effects
A: antennae 2, iridescent scales 1, dopey 1, nightstalker 1, poison resistance
a: Renounce Religion


You were on level 11 of the Dungeon.
You worshipped Vehumet.
Vehumet was greatly pleased with you.
You were not hungry.

You visited 2 branches of the dungeon, and saw 12 of its levels.

You collected 629 gold pieces.

Inventory:

Hand Weapons
 g - a +1 short sword of speed
 i - a +3 falchion of freezing
 j - a +1 blowgun
 w - a +2 dagger of venom
 x - a +6 short sword
 D - a +0 dagger of draining
Missiles
 c - 212 stones
 m - 52 poisoned needles
 G - 3 poisoned tomahawks
 I - 13 tomahawks (quivered)
Armour
 a - a +2 robe (worn)
 b - a +0 hat (worn)
 s - a +0 cloak
Magical Staves
 l - an uncursed staff of summoning (weapon)
Jewellery
 v - an amulet of harm (around neck)
 z - a ring of magical power (right hand)
 B - the ring of Zaacs (left hand) {rC+ MR+ Str+2}
   (You found it on level 6 of the Dungeon)

   [ring of strength]

   It affects your strength (+2).
   It protects you from cold.
   It affects your resistance to hostile enchantments.
 C - an uncursed ring of stealth
Wands
 h - a wand of polymorph (8)
 n - a wand of flame (28)
 q - a wand of scattershot (10)
 y - a wand of iceblast (20)
 A - a wand of paralysis (10)
 E - a wand of random effects (30)
 F - a wand of acid (6)
Scrolls
 e - 3 scrolls of remove curse
 f - a scroll of teleportation
 k - 2 scrolls of blinking
 o - 2 scrolls of magic mapping
 t - 3 scrolls of fog
 H - a scroll of amnesia
Potions
 p - 2 potions of brilliance
 r - a potion of heal wounds
 u - a potion of ambrosia
 J - a potion of agility
 K - a potion of curing
Comestibles
 d - 29 rations


   Skills:
 * Level 3.3 Fighting
 + Level 0.8 Short Blades
 * Level 2.9 Staves
 + Level 2.7 Throwing
 * Level 3.8 Dodging
 + Level 4.1 Stealth
 * Level 9.8 Spellcasting
 * Level 5.4 Conjurations
 + Level 6.2 Summonings
 + Level 1.4 Translocations
 * Level 2.4 Fire Magic
 * Level 1.3 Ice Magic
 * Level 2.8 Air Magic
 + Level 0.2 Poison Magic
 * Level 2.8 Evocations


You had 10 spell levels left.
You knew the following spells:

 Your Spells              Type           Power        Failure   Level  Hunger
a - Magic Dart            Conj           ####         1%          1    None
b - Call Imp              Summ           ######..     1%          2    None
c - Blink                 Tloc           N/A          5%          2    None
d - Conjure Flame         Conj/Fire      ####....     1%          3    None
e - Mephitic Cloud        Conj/Pois/Air  ###.....     1%          3    None
f - Call Canine Familiar  Summ           ######..     1%          3    None
g - Summon Ice Beast      Ice/Summ       #####...     13%         4    ##.....

Your spell library contained the following spells:

 Spells                   Type           Power        Failure   Level  Hunger
 Dazzling Spray           Conj/Hex       ###...       1%          3    None
 Summon Small Mammal      Summ           ####         1%          1    None
 Poisonous Vapours        Pois/Air       ###...       4%          2    None
 Summon Guardian Golem    Hex/Summ       #####...     5%          3    None
 Slow                     Hex            ##......     10%         2    None
 Summon Lightning Spire   Summ/Air       #####...     10%         4    ##.....
 Venom Bolt               Conj/Pois      ###.......   14%         5    ####...
 Bolt of Magma            Conj/Fire/Erth ###.......   16%         5    ####...
 Iskenderun's Battlesphe  Conj/Chrm      ###.....     16%         5    ####...
 Freezing Cloud           Conj/Ice/Air   ###.......   52%         6    ######.
 Iron Shot                Conj/Erth      ###.......   58%         6    ######.
 Spellforged Servitor     Conj/Summ      ######....   71%         7    #######
 Orb of Destruction       Conj           ####......   78%         7    #######
 Ring of Flames           Chrm/Fire      ###.......   100%        7    #######


Dungeon Overview and Level Annotations

Branches:
Dungeon (11/15)            Temple (1/1) D:7            Lair (0/6) D:9
    Orc (0/2) D:9

Altars:
Ashenzari
Cheibriados
Dithmenos
Elyvilon
Fedhas
Gozag
Kikubaaqudgha
Makhleb
Nemelex Xobeh
Okawaru
Qazlal
Ru
Sif Muna
Uskayaw
Vehumet
Wu Jian
Xom
Yredelemnul
Zin

Shops:
D:4 *


Innate Abilities, Weirdness & Mutations

You have a pair of antennae on your head.
You are partially covered in iridescent scales. (AC +2)
You are slightly more attuned to the shadows.
You are dopey. (Int -2)
Your system is resistant to poisons. (rPois)


Message History

The orc dies!
Vehumet accepts your kill.
The orc warrior hits your warg with a dire flail of holy wrath!
Your warg dies!
Your warg's corpse disappears in a puff of smoke!
The centaur shoots an arrow.
The arrow barely misses your ice beast. The arrow hits you!
Your ice beast hits the centaur.
Your ice beast freezes the centaur!
Casting: Magic Dart (safe; 1% risk of failure)
Confirm with . or Enter, or press ? or * to list all spells.
You feel a surge of power!
The centaur unwields an uncursed shortbow.
The centaur closely misses your ice beast.
Your ice beast barely misses the centaur.
Your ice beast disappears in a puff of smoke!
Your wolf closely misses the orc warrior.
The orc warrior hits you with a dire flail of holy wrath!!
* * * LOW HITPOINT WARNING * * *
You convulse!
You die...

. .# #### ...
..####c....
#.#..{..... ###
###.#c##..... ..#
#...§h..)....
#.#.##<#.#o##).#.#
#.#......#(@.....#
#.####.######.....
#<####.# ####
#...Y..# ########
{


You could see an orc warrior, a centaur and a friendly wolf.

Vanquished Creatures
  Harold (D:8)
  Eustachio (D:6)
  2 wargs
  2 orc warriors
  A sky beast (D:7)
  4 ogres
  2 centaurs
  A bullfrog (D:8)
  A big kobold (D:2)
  Dowan (D:5)
  A scorpion (D:6)
  5 killer bees
  An electric eel (D:6)
  A howler monkey (D:6)
  A crimson imp (D:6)
  2 hounds
  3 orc priests
  5 orc wizards
  A worker ant (D:5)
  5 gnolls (D:5)
  5 adders
  A shadow imp (D:6)
  An adder zombie (D:9)
  8 dart slugs (D:6)
  A leopard gecko (D:5)
  31 orcs
  5 bats
  7 giant cockroaches
  6 goblins
  5 hobgoblins
  9 jackals
  9 kobolds
  3 quokkas
  2 ball pythons (D:3)
  3 frilled lizards
  5 rats
142 creatures vanquished.

Vanquished Creatures (collateral kills)
  Erica (D:10)
  A two-headed ogre (D:10)
  An orc sorcerer (D:10)
  2 hippogriffs (D:7)
  A wyvern (D:10)
  18 wargs
  Duvessa (D:5)
  2 ice beasts
  8 orc warriors
  A phantom (D:9)
  A necrophage (D:10)
  An ogre (D:9)
  5 centaurs
  3 bullfrogs
  4 scorpions
  13 killer bees
  2 crimson imps
  A bullfrog zombie (D:8)
  A centaur zombie (D:9)
  A quasit (D:10)
  5 hounds
  2 jellies
  9 orc priests
  8 orc wizards
  A gnoll shaman (D:4)
  2 iguanas (D:10)
  3 worker ants
  A hound skeleton (D:10)
  3 gnolls (D:5)
  A howler monkey skeleton (D:7)
  7 adders
  4 shadow imps
  An ooze (D:1)
  An adder zombie (D:7)
  2 worms (D:2)
  2 dart slugs (D:6)
  A leopard gecko (D:10)
  56 orcs
  2 giant cockroaches
  2 goblins
  2 hobgoblins (D:2)
  4 jackals
  A quokka (D:7)
  A jackal skeleton (D:5)
  4 kobolds
  A quokka skeleton (D:7)
  A rat (D:2)
195 creatures vanquished.

Vanquished Creatures (others)
  An ogre (D:9)
  A plant (D:9)
2 creatures vanquished.

Grand Total: 339 creatures vanquished

Notes
Turn   | Place    | Note
-------+----------+-------------------------------------------
     0 | D:1      | beigtais the Demonspawn Wizard began the quest for the Orb.
     0 | D:1      | Reached XP level 1. HP: 13/13 MP: 4/4
   383 | D:1      | Gained mutation: Your flesh is cold resistant. (rC+)
                  | [potion of mutation]
   383 | D:1      | Gained mutation: You tend to lose your temper in combat.
                  | [potion of mutation]
   383 | D:1      | Gained mutation: Your flesh is very cold resistant. (rC++)
                  | [potion of mutation]
   388 | D:1      | Gained mutation: You are partially covered in iridescent
                  | scales. (AC +2) [demonic ancestry]
   388 | D:1      | Reached XP level 2. HP: 12/19 MP: 0/6
   507 | D:1      | Learned a level 2 spell: Call Imp
   510 | D:1      | Learned a level 2 spell: Blink
   838 | D:2      | Found a burning altar of Makhleb.
   843 | D:2      | Reached XP level 3. HP: 20/24 MP: 0/8
  1524 | D:2      | Noticed a big kobold
  1567 | D:2      | Killed a big kobold
  1567 | D:2      | Reached skill level 4 in Spellcasting
  1567 | D:2      | Reached XP level 4. HP: 30/30 MP: 0/10
  1798 | D:2      | Learned a level 3 spell: Conjure Flame
  1802 | D:2      | Learned a level 3 spell: Mephitic Cloud
  2738 | D:3      | Reached XP level 5. HP: 36/36 MP: 7/11
  2914 | D:3      | Found a glowing drain.
  3099 | D:3      | Lost mutation: You tend to lose your temper in combat.
                  | [potion of mutation]
  3099 | D:3      | Lost mutation: Your flesh is very cold resistant. (rC++)
                  | [potion of mutation]
  3099 | D:3      | Gained mutation: Your natural rate of healing is unusually
                  | fast. [potion of mutation]
  3099 | D:3      | Gained mutation: You have supernaturally acute eyesight.
                  | (SInv) [potion of mutation]
  4332 | D:4      | Noticed an ogre
  4354 | D:4      | Killed an ogre
  4354 | D:4      | Reached skill level 5 in Spellcasting
  4354 | D:4      | Gained mutation: You have a pair of small antennae on your
                  | head. [demonic ancestry]
  4354 | D:4      | Reached XP level 6. HP: 42/42 MP: 10/13
  4495 | D:4      | Found Yvolom's General Store.
  4969 | D:5      | Entered Level 5 of the Dungeon
  5585 | D:5      | Reached XP level 7. HP: 47/47 MP: 15/15
  5598 | D:5      | Reached skill level 1 in Throwing
  5854 | D:5      | Reached skill level 6 in Spellcasting
  5897 | D:5      | Noticed Duvessa
  5902 | D:5      | Noticed Dowan
  6632 | D:6      | Noticed Eustachio
  6652 | D:6      | Killed Eustachio
  6838 | D:5      | Killed Duvessa
  6843 | D:5      | Killed Dowan
  6843 | D:5      | Gained mutation: You have a pair of antennae on your head.
                  | [demonic ancestry]
  6843 | D:5      | Reached XP level 8. HP: 45/53 MP: 9/18
  6981 | D:6      | Reached skill level 7 in Spellcasting
  7791 | D:6      | Reached skill level 1 in Fighting
  8017 | D:6      | Got a transparent wooden ring
  8020 | D:6      | Identified the ring of Zaacs {rC+ MR+ Str+2} (You found it
                  | on level 6 of the Dungeon)
  8230 | D:7      | Noticed a hippogriff
  8276 | D:7      | Learned a level 3 spell: Call Canine Familiar
  8278 | D:7      | Found a staircase to the Ecumenical Temple.
  8341 | D:7      | Killed a hippogriff
  8341 | D:7      | Reached skill level 8 in Spellcasting
  8746 | D:7      | Found an ornate altar of the Wu Jian Council.
  8935 | Temple   | Entered the Ecumenical Temple
  9037 | Temple   | Became a worshipper of Vehumet
  9096 | D:8      | Noticed Harold
  9105 | D:8      | Noticed a hippogriff
  9226 | D:7      | Killed a hippogriff
  9226 | D:7      | Reached skill level 1 in Translocations
  9348 | D:8      | Gained mutation: You are slightly more attuned to the
                  | shadows. [demonic ancestry]
  9348 | D:8      | Reached XP level 9. HP: 59/59 MP: 21/21
  9358 | D:8      | Reached skill level 1 in Staves
  9587 | D:8      | Killed Harold
  9587 | D:8      | Reached skill level 1 in Evocations
 10074 | D:9      | Reached * piety under Vehumet
 10074 | D:9      | Offered knowledge of Shock by Vehumet.
 10391 | D:9      | Found a staircase to the Orcish Mines.
 10535 | D:9      | Reached ** piety under Vehumet
 10535 | D:9      | Offered knowledge of Throw Frost by Vehumet.
 10692 | D:9      | Reached skill level 5 in Summonings
 10695 | D:9      | Reached skill level 9 in Spellcasting
 10708 | D:9      | Reached skill level 1 in Fire Magic
 10905 | D:9      | Reached skill level 1 in Air Magic
 11092 | D:9      | Found a staircase to the Lair.
 11425 | D:10     | Entered Level 10 of the Dungeon
 11502 | D:9      | Learned a level 4 spell: Summon Ice Beast
 11673 | D:10     | Reached XP level 10. HP: 67/67 MP: 23/23
 11674 | D:10     | Lost mutation: You have supernaturally acute eyesight.
                  | (SInv) [potion of mutation]
 11674 | D:10     | Lost mutation: Your natural rate of healing is unusually
                  | fast. [potion of mutation]
 11674 | D:10     | Lost mutation: Your flesh is cold resistant. (rC+) [potion
                  | of mutation]
 11674 | D:10     | Gained mutation: You possess an exceptional clarity of
                  | mind. [potion of mutation]
 11674 | D:10     | Gained mutation: You passively map a small area around you.
                  | [potion of mutation]
 11675 | D:10     | Lost mutation: You passively map a small area around you.
                  | [potion of mutation]
 11675 | D:10     | Lost mutation: You possess an exceptional clarity of mind.
                  | [potion of mutation]
 11675 | D:10     | Gained mutation: You are dopey. (Int -2) [potion of
                  | mutation]
 11675 | D:10     | Gained mutation: Your system is resistant to poisons.
                  | (rPois) [potion of mutation]
 11813 | D:10     | Offered knowledge of Inner Flame by Vehumet.
 11994 | D:10     | Reached skill level 5 in Conjurations
 12164 | D:10     | Reached *** piety under Vehumet
 12190 | D:10     | Noticed an orc sorcerer
 12204 | D:10     | Killed an orc sorcerer
 12289 | D:10     | Noticed Erica
 12302 | D:10     | Killed Erica
 12345 | D:10     | Offered knowledge of Dazzling Spray by Vehumet.
 12356 | D:9      | Reached skill level 1 in Ice Magic
 13549 | D:10     | Reached **** piety under Vehumet
 13729 | D:10     | Noticed a two-headed ogre
 13748 | D:10     | Killed a two-headed ogre
 14019 | D:11     | Mangled by an orc warrior

Skill      XL: |  1  2  3  4  5  6  7  8  9 10 |
---------------+-------------------------------+-----
Stealth        | 2 3 4 |  4.1
Dodging        | 2 3 |  3.8
Spellcasting   | 4 5 6 8 9 |  9.8
Conjurations   | 2 3 4 5 |  5.4
Summonings     | 2 3 4 5 6 |  6.2
Throwing       | 1 2 |  2.7
Fighting       | 1 2 3 |  3.3
Translocations | 1 |  1.4
Staves         | 2 |  2.9
Evocations     | 1 2 |  2.8
Fire Magic     | 1 2 |  2.4
Air Magic      | 1 2 |  2.8
Ice Magic      | 1 |  1.3
Short Blades   | |  0.8
Poison Magic   | |  0.2

Action                   |  1- 3 |  4- 6 |  7- 9 | 10-12 || total
-------------------------+-------+-------+-------+-------++-------
Melee: Dagger            |     5 |       |       |       ||     5
       Short sword       |    35 |    55 |       |       ||    90
       Falchion          |       |       |     2 |       ||     2
       Staff             |       |       |    49 |    25 ||    74
 Fire: Blowgun           |       |    24 |    49 |       ||    73
Throw: Stone             |       |     1 |    16 |       ||    17
       Tomahawk          |       |       |    11 |       ||    11
 Cast: Magic Dart        |    43 |   128 |   120 |    16 ||   307
       Call Imp          |    13 |    33 |    62 |       ||   108
       Blink             |       |     1 |     9 |     2 ||    12
       Mephitic Cloud    |       |     2 |    22 |     4 ||    28
       Call Canine Famil |       |       |    41 |    29 ||    70
       Conjure Flame     |       |       |    15 |       ||    15
       Summon Ice Beast  |       |       |     1 |    39 ||    40
  Use: Potion            |     7 |     3 |     1 |     6 ||    17
       Scroll            |     2 |    10 |     7 |     2 ||    21
 Stab: Sleeping          |     2 |     3 |       |       ||     5
       Distracted        |       |       |     1 |     1 ||     2
  Eat: Ration            |     1 |       |     1 |       ||     2
       Chunk             |       |    11 |    16 |     9 ||    36
Armor: Robe              |    12 |    23 |    45 |    16 ||    96
Dodge: Dodged            |    46 |    66 |    99 |    57 ||   268
       Rpst.: Falchion   |       |       |     2 |       ||     2
